 Dungeon Crawl Stone Soup version 0.17-a0-1804-gf6433eb (webtiles) character file.

5975 shakdrar the Blocker (level 11, -9/81 HPs)
             Began as a Formicid Fighter on Sept 11, 2015.
             Was a Priest of Trog.
             Mangled by a spatial maelstrom (15 damage)
             ... on level 1 of the Abyss.
             The game lasted 00:42:54 (8272 turns).

shakdrar the Blocker (Formicid Fighter)             Turns: 8272, Time: 00:42:54

Health: -9/81      AC: 11    Str: 25    XL:     11   Next: 10%
Magic:  15/15      EV: 10    Int:  5    God:    Trog [***...]
Gold:   471        SH: 13    Dex: 10    Spells: 0 memorised, 10 levels left

rFire  . . .     SeeInvis +     a - +2 war axe (venom)
rCold  . . .     Clarity  .     b - +0 scale mail
rNeg   . . .     SustAt   .     c - +1 shield
rPois  .         Gourm    .     (helmet unavailable)
rElec  .         Spirit   .     (no cloak)
rCorr  .         Warding  .     x - +2 pair of gloves
rMut   .         Stasis   +     (no boots)
MR     ++...                    C - necklace of Bloodlust {*Rage +Rage MR+ Str+2 Int-2 Slay+3 *Curse}
Stlth  +.........               (no ring)
                                (no ring)

@: very resistant to hostile enchantments, very unstealthy
A: permanent stasis, dig shafts and tunnels, four strong arms, antennae 3,
camouflage 1, dopey 1, regeneration 1, screaming 1
a: Dig, Shaft Self, Burn Spellbooks, Trog's Hand, Renounce Religion


You were on level 1 of the Abyss.
You worshipped Trog.
Trog was most pleased with you.
You were not hungry.

You visited 1 branch of the dungeon, and saw 13 of its levels.
You visited the Abyss 1 time.

You collected 471 gold pieces.

Inventory:

Hand weapons
 a - a +2 war axe of venom (weapon)
 r - a +0 scimitar of flaming
 w - a +0 blowgun
Missiles
 h - 32 poisoned needles
 B - 8 javelins (quivered)
Armour
 b - a +0 scale mail (worn)
 c - a +1 shield (worn)
 x - a +2 pair of gloves (worn)
Jewellery
 u - an uncursed amulet of clarity
 v - an uncursed amulet of resist mutation
 C - the necklace of Bloodlust (around neck) {*Rage +Rage MR+ Str+2 Int-2 Slay+3 *Curse}
   (You found it on level 11 of the Dungeon)

   [amulet of rage]

   It affects your strength (+2).
   It affects your intelligence (-2).
   It affects your accuracy and damage with ranged weapons and melee attacks
   (+3).
   It affects your resistance to hostile enchantments.
   It lets you go berserk.
   It may make you go berserk in combat.
   It may re-curse itself when equipped.
Magical devices
 l - a wand of slowing (0)
 n - a wand of polymorph (15)
 o - a wand of enslavement (17)
 q - a wand of heal wounds (5)
 y - a wand of digging (9)
Scrolls
 g - a scroll of magic mapping
 p - a scroll of identify
 t - 3 scrolls of enchant armour
 A - a scroll of blinking {unknown}
Potions
 d - 3 potions of might
 f - a potion of cancellation
 i - a potion of magic
 s - a potion of brilliance
 z - 2 potions of curing
Comestibles
 e - 4 bread rations
 j - 8 fruits
 k - 3 royal jellies
 m - a meat ration


   Skills:
 - Level 6.0 Fighting
 - Level 8.2 Axes
 * Level 1.1 Throwing
 + Level 9.4 Armour
 + Level 10.3 Shields
 - Level 6.6 Evocations


You had 10 spell levels left.
You didn't know any spells.

Dungeon Overview and Level Annotations

Branches:
Dungeon (13/15)            Temple (0/1) D:5             Orc (0/4) D:10
   Lair: D:8-11      Vaults: D:13-14

Altars:
Dithmenos
Qazlal
Ru
Trog
Zin
The Shining One

Shops:
D:5 }   D:8 [

Annotations:
D:6 Sigmund
D:11 Sonja


Innate Abilities, Weirdness & Mutations

You are under a permanent stasis effect.
You can dig through walls and to a lower floor.
Your four strong arms can wield two-handed weapons with a shield.
You have a pair of large antennae on your head (SInv).
Your skin changes colour to match your surroundings (Stealth).
You are dopey. (Int -2)
Your natural rate of healing is unusually fast.
You occasionally shout uncontrollably at your foes.


Message History

The spatial vortex moves out of view.
Found a scroll labeled REPO MEOSEINNA.
The spatial maelstrom hits you!
You feel a strange sense of stasis.
You block the spatial maelstrom's attack.
Found a scroll of teleportation.
You block the spatial maelstrom's attack. x2
The spatial maelstrom hits you!
* * * LOW HITPOINT WARNING * * *
You block the spatial maelstrom's attack.
You see here a scroll labeled REPO MEOSEINNA.
A - a scroll labeled REPO MEOSEINNA You block the spatial maelstrom's attack.
The spatial maelstrom hits you.
* * * LOW HITPOINT WARNING * * *
You feel a strange sense of stasis.
Found 16 stones.
The spatial maelstrom hits you!
* * * LOW HITPOINT WARNING * * *
The spatial maelstrom hits you!
You die...

#.#....#...... ..
#.#...!.#.# ..#.#
. ##....#.#.#
#...#.....### .
#...#.......#..
......#..#....#.
......#...#.....#
#....####v...##..
##. #@##.# . .
#..?...##
###.#...# .≈
..... ≈≈≈ ...(.#
...≈ #...## ##.#≈
#.## ...≈ ..


You could see a spatial maelstrom.

Vanquished Creatures
  Erica (D:11)
  A manticore (D:12)
  Psyche (D:11)
  A merfolk (D:10)
  A deep elf mage (D:10)
  2 yaks (D:12)
  A steam dragon (D:8)
  A human (D:10)
  2 hippogriffs
  2 phantoms
  A black bear (D:8)
  An ice beast (D:8)
  A wasp (D:8)
  An orc warrior (D:11)
  3 ogres
  A necrophage (D:10)
  A sky beast (D:9)
  A big kobold (D:8)
  A centaur (D:8)
  Blork the orc (D:4)
  3 giant frogs
  4 scorpions
  A small abomination (Abyss:1)
  6 killer bees (D:8)
  A giant frog zombie (D:5)
  4 crimson imps
  A jelly (D:9)
  A quasit (D:7)
  2 giant frog skeletons
  6 hounds
  4 centaur skeletons
  5 orc priests
  6 orc wizards
  3 iguanas
  9 worker ants
  A killer bee zombie (D:7)
  A hound skeleton (D:4)
  9 adders
  3 shadow imps
  2 oozes
  2 worms
  4 giant geckos
  33 orcs
  8 hobgoblins
  A jackal (D:1)
  A quokka (D:7)
  2 ball pythons
  9 bats
  4 giant cockroaches
  A giant gecko skeleton (D:4)
  3 giant newts
  12 goblins
  A jackal zombie (D:8)
  13 kobolds
  A quokka zombie (D:6)
  8 rats
200 creatures vanquished.

Vanquished Creatures (collateral kills)
  A jelly (D:5)
  An orc (D:5)
2 creatures vanquished.

Vanquished Creatures (others)
  An orc (D:10)
1 creature vanquished.

Grand Total: 203 creatures vanquished

Notes
Turn   | Place    | Note
--------------------------------------------------------------
     0 | D:1      | shakdrar the Formicid Fighter began the quest for the Orb.
     0 | D:1      | Reached XP level 1. HP: 18/18 MP: 1/1
   165 | D:1      | Reached XP level 2. HP: 24/24 MP: 2/2
   342 | D:1      | Reached skill level 4 in Shields
   395 | D:1      | Reached XP level 3. HP: 29/29 MP: 3/3
   721 | D:2      | Reached XP level 4. HP: 37/37 MP: 4/4
   865 | D:2      | Found a sacrificial altar of Ru.
  1064 | D:2      | Gained mutation: You occasionally shout uncontrollably at your foes. [potion of mutation]
  1064 | D:2      | Gained mutation: You are dopey. (Int -2) [potion of mutation]
  1064 | D:2      | Gained mutation: Your skin changes colour to match your surroundings (Stealth). [potion of mutation]
  1171 | D:2      | Found a glowing silver altar of Zin.
  1589 | D:3      | Reached XP level 5. HP: 42/42 MP: 5/5
  1635 | D:3      | Found a glowing golden altar of the Shining One.
  1636 | D:3      | Found a bloodstained altar of Trog.
  1648 | D:3      | Became a worshipper of Trog the Wrathful
  1832 | D:3      | Found a stormy altar of Qazlal.
  2038 | D:4      | Reached skill level 5 in Shields
  2209 | D:4      | Noticed Blork the orc
  2223 | D:4      | Killed Blork the orc
  2223 | D:4      | Reached XP level 6. HP: 41/49 MP: 6/6
  2631 | D:4      | Gained mutation: Your natural rate of healing is unusually fast. [potion of beneficial mutation]
  2830 | D:4      | Found a shadowy altar of Dithmenos.
  3090 | D:5      | Entered Level 5 of the Dungeon
  3258 | D:5      | Reached XP level 7. HP: 50/55 MP: 7/7
  3263 | D:5      | Reached skill level 5 in Fighting
  3283 | D:5      | Reached skill level 5 in Armour
  3362 | D:5      | Found Qeamede's Gadget Shop.
  3385 | D:5      | Acquired Trog's first power
  3391 | D:5      | Found a staircase to the Ecumenical Temple.
  3417 | D:5      | Reached skill level 6 in Shields
  3743 | D:6      | Noticed a hill giant
  3852 | D:6      | Noticed Sigmund
  3942 | D:7      | Reached XP level 8. HP: 54/63 MP: 8/8
  4317 | D:7      | You fall through a shaft for 3 floors!
  4317 | D:10     | Entered Level 10 of the Dungeon
  4334 | D:10     | Noticed a deep elf mage
  4478 | D:10     | Found a staircase to the Orcish Mines.
  4527 | D:9      | Acquired Trog's second power
  4534 | D:8      | Found Puomair's Antique Armour Shop.
  4544 | D:8      | Reached skill level 5 in Axes
  4544 | D:8      | Reached skill level 7 in Shields
  4762 | D:8      | Noticed a lindwurm
  4762 | D:8      | Noticed a lindwurm
  4765 | D:8      | Noticed a lindwurm
  4894 | D:8      | Reached XP level 9. HP: 23/69 MP: 9/9
  5185 | D:8      | Reached skill level 8 in Shields
  6254 | D:9      | Noticed a centaur skeleton
  6262 | D:9      | Killed a centaur skeleton
  6262 | D:9      | Reached skill level 9 in Shields
  6305 | D:9      | Got a jet-encrusted ring mail
  6306 | D:9      | Identified the +4 ring mail "Xoolusk" {rC+ Regen+ Str-4 Int+9} (You found it on level 9 of the Dungeon)
  6326 | D:9      | Reached XP level 10. HP: 70/76 MP: 10/10
  6491 | D:9      | You fall through a shaft!
  6510 | D:10     | Killed a deep elf mage
  6536 | D:10     | Noticed a merfolk
  6551 | D:10     | Killed a merfolk
  6818 | D:10     | Reached skill level 10 in Shields
  6881 | D:10     | Noticed a hill giant
  6921 | D:9      | You fall through a shaft!
  7023 | D:12     | Noticed a manticore
  7041 | D:12     | Killed a manticore
  7233 | D:12     | Noticed a hill giant
  7235 | D:12     | Reached skill level 1 in Evocations
  7598 | D:11     | Noticed Psyche
  7619 | D:11     | Killed Psyche
  7664 | D:11     | Noticed Erica
  7673 | D:11     | Killed Erica
  7673 | D:11     | Reached XP level 11. HP: 33/81 MP: 13/15
  8070 | D:11     | Reached skill level 1 in Throwing
  8220 | D:11     | Noticed a green ugly thing
  8224 | D:11     | Noticed Sonja
  8230 | D:11     | Cast into the Abyss (Sonja)
  8246 | Abyss:1  | Noticed a spatial maelstrom
  8272 | Abyss:1  | Mangled by a spatial maelstrom

Vault maps used:
D:1:      dpeg_arrival_shelter
D:2:      nicolae_overflow_hidden_temple, nicolae_ru_sacrificial_ziggurat
D:3:      gammafunk_temple_overflow_pools, lemuel_crystal_altar, first_bread,
          minivault_4, uniq_crazy_yiuf_cottage
D:4:      nicolae_overflow_crystal_walls, uniq_blork_the_orc
D:5:      minmay_temple_entry_junction2, serial_shops, shop
D:6:      nicolae_gozag_zags_fifth_avenue, serial_shops, shop_statue,
          ashenzari_altar_1, uniq_sigmund, uniq_prince_ribbit1
D:8:      serial_shops, shop, minmay_lindwurm_lava
D:10:     david_orc_2, enter_bailey_2, hangedman_stone_soup
D:11:     minmay_lair_entry_lava, lab_entry_generic, bh_walls_and_bars,
          uniq_erica, uniq_psyche, uniq_sonja
D:12:     kennysheep_minor_cross
D:13:     grunt_vaults_entry_tiered

Action                   |  1- 3 |  4- 6 |  7- 9 | 10-12 || total
-------------------------+-------+-------+-------+-------++-------
Melee: War axe           |    96 |   162 |   353 |   197 ||   808
 Fire: Blowgun           |       |       |       |     3 ||     3
Invok: Burn Spellbooks   |       |     1 |       |       ||     1
 Abil: Dig               |       |     2 |    12 |     4 ||    18
Evoke: Wand              |       |       |       |     4 ||     4
  Use: Scroll            |     1 |     7 |     6 |     5 ||    19
       Potion            |       |     6 |     5 |     2 ||    13
  Eat: Chunk             |       |     3 |     3 |       ||     6
       Bread ration      |       |     1 |     2 |     1 ||     4
       Pizza             |       |       |     2 |       ||     2
       Meat ration       |       |       |     1 |       ||     1
       Beef jerky        |       |       |     1 |       ||     1
